 Dungeon Crawl Stone Soup version 0.26.1-11-gd32895ea62 (webtiles) character file.

Game seed: 17183915782857258367

2707 phalm the Magician (level 9, -1/57 HPs)
             Began as a Demonspawn Hedge Wizard on June 11, 2021.
             Was an Initiate of Vehumet.
             Slain by a water moccasin (5 damage)
             ... on level 8 of the Dungeon on June 12, 2021.
             The game lasted 00:32:45 (12011 turns).

phalm the Magician (Demonspawn Hedge Wizard)       Turns: 12011, Time: 00:32:45

Health: -1/57      AC: 10    Str: 17    XL:     9   Next: 39%
Magic:  18/20      EV: 13    Int: 19    God:    Vehumet [......]
Gold:   396        SH:  4    Dex: 12    Spells: 19/23 levels left

rFire    + . .     SeeInvis .   a - +4 war axe of Hunejick {drain, rElec}
rCold    + . .     Faith    .   D - +0 buckler
rNeg     + . .     Spirit   .   J - +1 robe {rC+ rF+}
rPois    .         Reflect  .   c - +0 hat
rElec    +         Harm     .   i - +0 cloak
rCorr    +         Rampage  .   G - +0 pair of gloves
Will     .....                  h - +0 pair of boots
Stlth    ++........             (no amulet)
HPRegen  0.19/turn              S - +6 ring of strength
MPRegen  0.17/turn              N - ring of positive energy

@: no status effects
A: claws 1, yellow scales 3, demonic guardian 1, powered by death 1
a: Renounce Religion


You were on level 8 of the Dungeon.
You worshipped Vehumet.
Vehumet was noncommittal.
You visited 2 branches of the dungeon, and saw 9 of its levels.
You also visited: Ossuary.

You collected 396 gold pieces.


Innate Abilities, Weirdness & Mutations

You have sharp fingernails.
You are completely covered in yellow scales. (AC +4, rCorr)
A weak demonic guardian rushes to your aid.
You regenerate a little health from kills.


   Skills:
 + Level 3.3 Dodging
 - Level 1.7 Stealth
 + Level 3.3 Shields
 * Level 7.8 Spellcasting
 + Level 5.5 Conjurations
 - Level 1.0 Summonings
 - Level 0.8 Translocations
 * Level 5.8 Air Magic
 - Level 2.1 Poison Magic


You had 19 spell levels left.
You knew the following spells:

 Your Spells              Type           Power        Failure   Level
c - Mephitic Cloud        Conj/Pois/Air  24%          4%          3
m - Magic Dart            Conj           100%         1%          1

Your spell library contained the following spells:

 Spells                   Type           Power        Failure   Level
 Foxfire                  Conj/Fire      68%          3%          1
 Call Imp                 Summ           11%          10%         2
 Conjure Flame            Conj/Fire      17%          10%         3
 Blink                    Tloc           N/A          11%         2
 Slow                     Hex            7%           16%         2
 Inner Flame              Hex/Fire       7%           30%         3
 Sticky Flame             Conj/Fire      17%          32%         4
 Fireball                 Conj/Fire      8%           65%         5

Inventory:

Hand Weapons
 a - the +4 war axe of Hunejick (weapon) {drain, rElec}
   (You found it in an ossuary)

   A truly terrible weapon, it drains the life of those it strikes.
   It insulates you from electricity.
 b - a +0 fustibalus
   (You found it on level 4 of the Dungeon)
 t - a +0 hand axe of distortion {!w}
   (You took it off an orc on level 3 of the Dungeon)
Missiles
 d - 318 stones
 q - 45 bolts
 r - 46 poisoned darts
 v - a throwing net {=f!f}
 z - 114 arrows
 I - 7 boomerangs
Armour
 c - a +0 hat (worn)
 h - a +0 pair of boots (worn)
   (You found it on level 1 of the Dungeon)
 i - a +0 cloak (worn)
   (You found it on level 1 of the Dungeon)
 D - a +0 buckler (worn)
   (You found it on level 5 of the Dungeon)
 E - the +5 scale mail of the Evening {Regen+ Str+6 Slay+2}
   (You found it on level 7 of the Dungeon)

   It affects your strength (+6).
   It affects your accuracy and damage with ranged weapons and melee attacks
   (+2).
   It increases your rate of regeneration.
 G - a +0 pair of gloves (worn)
   (You found it on level 5 of the Dungeon)
 J - a +1 robe of resistance (worn)
   (You took it off Blork the orc on level 6 of the Dungeon)
Jewellery
 n - an uncursed ring of positive energy
   (You found it on level 7 of the Dungeon)
 N - a ring of positive energy (right hand)
   (You found it on level 5 of the Dungeon)
 S - a +6 ring of strength (left hand)
   (You found it on level 2 of the Dungeon)
Wands
 y - a wand of random effects (7)
   (You found it on level 4 of the Dungeon)
 A - a wand of acid (5)
   (You took it off an orc on level 6 of the Dungeon)
 L - a wand of iceblast (7)
   (You found it on level 7 of the Dungeon)
 P - a wand of flame (41)
   (You found it on level 7 of the Dungeon)
Scrolls
 e - 3 scrolls of fog {unknown}
 f - 4 scrolls of enchant weapon
 g - 7 scrolls of teleportation {@r4}
 l - 6 scrolls of remove curse {@r2}
 p - 2 scrolls of noise {!r}
 s - a scroll of immolation {unknown}
 w - 3 scrolls of amnesia {unknown}
 C - 2 scrolls of identify {@r1}
 F - 3 scrolls of magic mapping {!r}
 M - a scroll of fear {unknown}
Potions
 j - a potion of brilliance
 k - 2 potions of resistance
 m - a potion of heal wounds {@q2}
 o - a potion of berserk rage {unknown}
 u - 2 potions of flight
 x - a potion of curing {unknown}
 B - 2 potions of might
 H - a potion of invisibility {unknown}
 K - a potion of lignification {unknown}
 O - a potion of attraction {unknown}
 Q - a potion of cancellation {unknown}

Dungeon Overview and Level Annotations

Branches:
Dungeon (8/15)             Temple (1/1) D:7         Ossuary (visited)
   Lair: D:8-11

Altars:
Ashenzari
Cheibriados
Dithmenos
Elyvilon
Fedhas
Gozag
Hepliaklqana
Kikubaaqudgha
Makhleb
Nemelex Xobeh
Okawaru
Qazlal
Ru
Sif Muna
Trog
Uskayaw
Vehumet
Wu Jian
Xom
Yredelemnul
Zin
The Shining One

...........+.......#†...#
...........#########....#
....P......##≈≈≈≈≈##....#
....... ... #≈#.#≈##....#
.......##'###≈._..'.#+#..
P......#....#≈#.#≈#...#..
.....°5#....#≈≈≈≈≈#...#..
.....☼sS....#######...# .
.P....F#@.............#
.......#######..#######
..P.... #### .......
......s .F..... .......


You could see a water moccasin, a scorpion and a friendly shadow imp (summoned).


Message History

The yak gores you! The black bear bites you.
The black bear claws you but does no damage.
The black bear claws you. 😕 HP[-13]
You take 13 damage, and now have 44/57 hp.
MASSIVE DAMAGE!! (PAUSE)
You slash the yak! You drain the yak. You barely miss the black bear.
You barely miss the bullfrog. The bullfrog barely misses you.
You block the yak's attack. The bullfrog completely misses you.
The black bear closely misses you.
The black bear claws you but does no damage. x2
The yak gores you.
The bullfrog closely misses you. 😮 HP[-4]
You take 4 damage, and now have 40/57 hp.
You are too injured to fight recklessly!
You are too injured to fight recklessly!
You are too injured to fight recklessly!
You are too injured to fight recklessly!
You are too injured to fight recklessly!
You barely miss the bullfrog.
You hit the black bear but do no damage.
You hit the yak but do no damage.
A water moccasin comes into view.
The bullfrog hits you but does no damage.
The black bear closely misses you. x2; The black bear barely misses you.
The yak gores you. The bullfrog barely misses you. The black bear bites you!
* * * LOW HITPOINT WARNING * * *
The black bear claws you.
* * * LOW HITPOINT WARNING * * *
You block the black bear's attack. 😨 HP[-15]
You take 15 damage, and now have 25/57 hp.
MASSIVE DAMAGE!! (PAUSE)
You barely miss the bullfrog. You hit the yak. You drain the yak.
You hit the black bear. The bullfrog closely misses you.
You block the yak's attack.
A scorpion comes into view.
You block the black bear's attack. The black bear closely misses you.
The black bear claws you but does no damage.
The bullfrog hits you but does no damage.
The yak gores you.
* * * LOW HITPOINT WARNING * * *
A scorpion comes into view. 😨 HP[-1]
You take 1 damage, and now have 24/57 hp.
You hit the bullfrog. You closely miss the black bear. You hit the yak.
The bullfrog closely misses you. The black bear bites you!
* * * LOW HITPOINT WARNING * * *
You block the black bear's attack.
The black bear claws you but does no damage.
The bullfrog hits you but does no damage.
The yak gores you.
* * * LOW HITPOINT WARNING * * *
A bullfrog comes into view.
The black bear bites you!
* * * LOW HITPOINT WARNING * * *
The black bear claws you but does no damage. x2 😱 HP[-18]
You take 18 damage, and now have 6/57 hp.
MASSIVE DAMAGE!! (PAUSE)
Casting: Magic Dart (safe; 1% risk of failure)
Confirm with . or Enter, or press ? or * to list all spells.
Aiming: Mephitic Cloud (dangerous; 4% risk of failure)
Press: ? - help, Shift-Dir - straight line, f - black bear
Aim: a black bear (lightly wounded) That beam is likely to hit you.
Continue anyway?
The ball explodes into a vile cloud!
The stinking cloud engulfs the black bear but does no damage.
The stinking cloud engulfs the water moccasin but does no damage.
The stinking cloud engulfs you but does no damage.
The stinking cloud engulfs the yak but does no damage.
The stinking cloud engulfs the bullfrog but does no damage.
The bullfrog gives a loud, deep croak!
You hear a shout! x3
The bullfrog is engulfed in noxious fumes.
You block the bullfrog's attack.
The yak is engulfed in noxious fumes.
The yak appears confused.
You kill the yak!
Vehumet accepts your kill.
The bullfrog is engulfed in noxious fumes.
The bullfrog appears confused.
The bullfrog barely misses you.
The black bear is engulfed in noxious fumes.
The black bear appears confused.
The black bear barely misses the bullfrog.
The black bear claws the bullfrog. x2 😱 MP[-3]
You lost 3 mp, and now have 17/20 mp.
Something hits the water moccasin but does no damage.
The black bear is engulfed in noxious fumes.
The black bear appears confused. 😱 HP[+2]
You regained 2 hp, and now have 8/57 hp.
Okay, then.
You miss the water moccasin. The water moccasin bites you.
* * * LOW HITPOINT WARNING * * *
The water moccasin bites you but does no damage.
The scorpion is engulfed in noxious fumes. 😱 HP[-5]
You take 5 damage, and now have 3/57 hp.
You hit the water moccasin. The water moccasin bites you.
You die...

Skill      XL: |  1  2  3  4  5  6  7  8  9 |
---------------+----------------------------+-----
Conjurations   | 2 3 4 5 |  5.5
Spellcasting   | 4 5 6 7 |  7.8
Air Magic      | 1 2 4 5 |  5.8
Poison Magic   | 1 2 |  2.1
Shields        | 1 2 3 |  3.3
Dodging        | 2 3 |  3.3
Stealth        | |  1.7
Summonings     | |  1.0
Translocations | |  0.8

Action                   |  1- 3 |  4- 6 |  7- 9 || total
-------------------------+-------+-------+-------++-------
Melee: Dagger            |    80 |    67 |       ||   147
       Rapier            |       |    35 |    10 ||    45
       War axe           |       |       |   195 ||   195
 Fire: Fustibalus        |       |     5 |       ||     5
 Cast: Magic Dart        |   105 |   216 |   211 ||   532
       Mephitic Cloud    |       |     1 |    10 ||    11
Evoke: Wand              |       |       |     4 ||     4
  Use: Scroll            |       |     6 |     5 ||    11
       Potion            |       |       |     4 ||     4
 Stab: Distracted        |       |       |     2 ||     2
       Sleeping          |       |       |     3 ||     3
       Confused          |       |       |     2 ||     2
Armor: Robe              |    20 |    51 |   119 ||   190
Dodge: Dodged            |    71 |   114 |   179 ||   364
Block: Buckler           |       |       |    41 ||    41

Levels and vault maps discovered:
D:1:      lemuel_arrival_room, layout_loops_cross
D:2:      layout_loops_ring, nicolae_overflow_crystal_walls
D:3:      minmay_recursive_quarters, layout_rooms, overflow_temple_1_default,
          serial_bayou_lagoon_a
D:4:      layout_rooms, cheibriados_altar_1, hangedman_glass_teeth,
          chequers_big_river, nemelex_spade_bored_becter
D:5:      layout_loops_ring, enter_ossuary_4
D:6:      layout_basic, uniq_crazy_yiuf_cottage, uniq_menkaure,
          uniq_blork_the_orc, uniq_grinder
D:7:      layout_basic, marbit_many_paths, minmay_temple_entry_trees
D:8:      layout_gridville, nicolae_qazlal_eye_of_the_storm,
          kennysheep_little_box, due_lair_maze_entry_diamond,
          gammafunk_ghost_necromancy, serial_shops, shop
Temple:   regret_index_temple_sphere_string

Notes
Turn   | Place    | Note
-------+----------+-------------------------------------------
     0 | D:1      | phalm the Demonspawn Hedge Wizard began the quest for the
                  | Orb.
     0 | D:1      | Reached XP level 1. HP: 13/13 MP: 4/4
     0 | D:1      | magus.rc [v1.9.10]
   396 | D:1      | Gained mutation: You have sharp fingernails. [demonic
                  | ancestry]
   396 | D:1      | Reached XP level 2. HP: 19/19 MP: 4/6
   794 | D:1      | HP: 3/19 [ooze (3)]
  1295 | D:1      | Gained mutation: You are partially covered in yellow
                  | scales. (AC +2) [demonic ancestry]
  1295 | D:1      | Reached XP level 3. HP: 24/24 MP: 6/8
  1378 | D:1      | Reached skill level 2 in Conjurations
  1723 | D:1      | Reached skill level 4 in Spellcasting
  1884 | D:1      | Learned a level 3 spell: Mephitic Cloud
  2191 | D:2      | Found a hazy altar of Hepliaklqana.
  2785 | D:3      | Found a glowing golden altar of the Shining One.
  2790 | D:3      | Reached XP level 4. HP: 30/30 MP: 5/10
  3376 | D:3      | Reached skill level 1 in Air Magic
  3376 | D:3      | Reached skill level 1 in Poison Magic
  3438 | D:3      | Gained mutation: A weak demonic guardian rushes to your
                  | aid. [demonic ancestry]
  3438 | D:3      | Reached XP level 5. HP: 29/35 MP: 1/11
  3728 | D:3      | HP: 8/35 [orc/+0 hand axe of distortion (4)]
  3732 | D:3      | HP: 3/35 [orc/+0 hand axe of distortion (3)]
  4438 | D:4      | Noticed a phantom
  4476 | D:4      | Killed a phantom
  4477 | D:4      | Gained mutation: You regenerate a little health from kills.
                  | [demonic ancestry]
  4477 | D:4      | Reached XP level 6. HP: 17/41 MP: 1/13
  4712 | D:4      | Reached skill level 5 in Spellcasting
  4712 | D:4      | Reached skill level 3 in Conjurations
  5027 | D:4      | Found a snail-covered altar of Cheibriados.
  5142 | D:4      | Found a sparkling altar of Nemelex Xobeh.
  5277 | D:4      | Reached skill level 2 in Air Magic
  5277 | D:4      | Reached skill level 2 in Poison Magic
  5859 | D:5      | Entered Level 5 of the Dungeon
  5915 | D:5      | Found a sand-covered staircase.
  5977 | Ossuary  | Entered an ossuary
  6306 | Ossuary  | Gained mutation: You are mostly covered in yellow scales.
                  | (AC +3) [demonic ancestry]
  6306 | Ossuary  | Reached XP level 7. HP: 46/46 MP: 9/15
  6569 | Ossuary  | HP: 1/46 [mummy (20)]
  6753 | Ossuary  | Got an ancient war axe
  6764 | Ossuary  | Identified the +4 war axe of Hunejick {drain, rElec} (You
                  | found it in an ossuary)
  6929 | D:5      | Reached skill level 3 in Air Magic
  7000 | D:5      | Reached skill level 6 in Spellcasting
  7199 | D:5      | Reached skill level 4 in Conjurations
  7696 | D:6      | Noticed Menkaure
  8063 | D:6      | Killed Menkaure
  8064 | D:6      | Reached skill level 1 in Shields
  8110 | D:6      | Noticed Grinder
  8159 | D:6      | Paralysed by Grinder for 4 turns
  8168 | D:6      | HP: 11/46 [Grinder (5)]
  8177 | D:6      | Paralysed by Grinder for 7 turns
  8215 | D:6      | Killed Grinder
  8216 | D:6      | Reached skill level 4 in Air Magic
  8216 | D:6      | Reached XP level 8. HP: 18/52 MP: 17/17
  8874 | D:6      | Reached skill level 2 in Dodging
  8919 | D:6      | Noticed Blork the orc
  8928 | D:6      | Killed Blork the orc
  9005 | D:6      | Reached skill level 2 in Shields
  9043 | D:6      | You pick up a book of Flames and begin reading...
  9043 | D:6      | You add the spells Foxfire, Inner Flame, Sticky Flame and
                  | Fireball to your library.
  9283 | D:6      | Reached skill level 7 in Spellcasting
  9430 | D:6      | Found a runed translucent door.
  9431 | D:6      | Noticed Crazy Yiuf
  9665 | D:6      | Killed Crazy Yiuf
 10330 | D:7      | Got a jewelled scale mail
 10341 | D:7      | Identified the +5 scale mail of the Evening {Regen+ Str+6
                  | Slay+2} (You found it on level 7 of the Dungeon)
 10603 | D:7      | Reached skill level 5 in Conjurations
 10603 | D:7      | Reached skill level 5 in Air Magic
 10644 | D:7      | HP: 10/52 [ice beast (7)]
 10647 | D:7      | Gained mutation: You are completely covered in yellow
                  | scales. (AC +4, rCorr) [demonic ancestry]
 10647 | D:7      | Reached XP level 9. HP: 13/57 MP: 10/20
 11089 | D:7      | Reached skill level 3 in Dodging
 11132 | D:7      | HP: 9/57 [killer bee (8)]
 11137 | D:7      | HP: 6/57 [poisoned by a killer bee]
 11137 | D:7      | HP: 1/57 [killer bee (5)]
 11141 | D:7      | Reached skill level 3 in Shields
 11143 | D:7      | HP: 14/57 [poisoned by a killer bee]
 11149 | D:7      | HP: 14/57 [poisoned by a killer bee]
 11157 | D:7      | HP: 13/57 [poisoned by a killer bee]
 11398 | D:7      | Found a staircase to the Ecumenical Temple.
 11427 | Temple   | Entered the Ecumenical Temple
 11621 | Temple   | Became a worshipper of Vehumet
 11738 | D:7      | Found a shimmering blue altar of Sif Muna.
 11888 | D:8      | Found a stormy altar of Qazlal.
 11975 | D:8      | Found an ornate altar of the Wu Jian Council.
 12007 | D:8      | HP: 14/57 [yak (3)]
 12007 | D:8      | HP: 6/57 [black bear (8)]
 12011 | D:8      | Slain by a water moccasin

Vanquished Creatures
  Grinder (D:6)
  A yak (D:8)
  An ice beast (D:7)
  An orc warrior (D:6)
  An ogre (D:5)
  2 black bears
  A centaur (D:7)
  Blork the orc (D:6)
  2 bullfrogs (D:8)
  A water moccasin zombie (Ossuary)
  A wyvern skeleton (D:7)
  3 scorpions
  4 killer bees (D:7)
  3 howler monkeys (D:7)
  A bullfrog zombie (D:6)
  2 hounds
  A bullfrog skeleton (D:8)
  Crazy Yiuf (D:6)
  A jelly (D:6)
  An orc priest (D:5)
  A centaur skeleton (D:4)
  6 orc wizards
  2 worker ants
  A big kobold zombie (Ossuary)
  A hound zombie (D:6)
  A hound skeleton (D:6)
  2 mummies (Ossuary)
  11 adders
  2 shadow imps (D:7)
  A white imp (D:7)
  An ufetubus (D:6)
  3 oozes
  2 adder zombies
  2 adder skeletons (D:7)
  A worm (D:4)
  5 dart slugs
  4 leopard geckos
  34 orcs
  4 ball pythons
  10 bats
  9 giant cockroaches
  A gnoll zombie (Ossuary)
  5 goblins
  10 hobgoblins
  9 jackals
  3 quokkas
  4 frilled lizards
  2 hobgoblin zombies (Ossuary)
  A jackal zombie (D:6)
  7 kobolds
  4 kobold zombies (Ossuary)
  2 leopard gecko skeletons (D:4)
  4 orc zombies (Ossuary)
  2 quokka zombies (D:5)
  7 rats
194 creatures vanquished.

Vanquished Creatures (collateral kills)
  Menkaure (D:6)
  An orc warrior (D:7)
  An ogre (D:4)
  A phantom (D:4)
  2 water moccasin zombies (Ossuary)
  An orc priest (D:6)
  2 big kobold zombies (Ossuary)
  2 adder zombies (Ossuary)
  2 orcs (D:6)
  2 hobgoblin zombies (Ossuary)
  2 kobold zombies (Ossuary)
  2 orc zombies (Ossuary)
19 creatures vanquished.

Vanquished Creatures (others)
  45 fungi (D:8)
  47 plants
92 creatures vanquished.

Grand Total: 305 creatures vanquished

Table legend:
 A = Non-vault XP
 B = Vault XP
 C = Vault XP percentage of total XP
 D = Non-vault monster count
 E = Vault monster count
 F = Vault count percentage of total count
                 A         B        C        D         E       F
            +---------+---------+-------+---------+---------+-------
      Total |    2741 |    1127 |  29.1 |     173 |      40 |  18.8
            +---------+---------+-------+---------+---------+-------
        D:1 |      74 |       0 |   0.0 |      34 |       0 |   0.0
        D:2 |      22 |       0 |   0.0 |      13 |       0 |   0.0
        D:3 |     121 |      19 |  13.6 |      26 |       4 |  13.3
        D:4 |     332 |       0 |   0.0 |      20 |       0 |   0.0
        D:5 |     286 |       2 |   0.7 |      14 |       2 |  12.5
        D:6 |     586 |     462 |  44.1 |      25 |       4 |  13.8
        D:7 |    1086 |       0 |   0.0 |      33 |       0 |   0.0
        D:8 |     234 |     344 |  59.5 |       8 |       2 |  20.0
    Ossuary |       0 |     300 | 100.0 |       0 |      28 | 100.0
            +---------+---------+-------+---------+---------+-------

Illustrated notes

Table legend:
 A = Kills in this place as a percentage of kills in entire the game.
 B = Kills by you in this place as a percentage of kills by you in the entire game.
 C = Kills by friends in this place as a percentage of kills by friends in the entire game.
 D = Other kills in this place as a percentage of other kills in the entire game.
 E = Experience gained in this place as a percentage of experience gained in the entire game.
 F = Experience gained in this place divided by the number of levels of this place that you have seen.
                   A       B       C       D       E      F
               +-------+-------+-------+-------+-------+----------------------
         Total | 100.0 | 100.0 | 100.0 | 100.0 | 100.0 | 386.8
       Dungeon |  86.9 |  91.6 |  36.8 | 100.0 |  92.2 | 446.0
       Ossuary |  13.1 |   8.4 |  63.2 |   0.0 |   7.8 | 300.0
               +-------+-------+-------+-------+-------+----------------------

Table legend: (Time is in decaauts)
 A = Elapsed time spent in this place.
 B = Non-inter-level travel time spent in this place.
 C = Inter-level travel time spent in this place.
 D = Time resting spent in this place.
 E = Time spent auto-exploring this place.
 F = Levels seen in this place.
 G = Mean time per level.
                   A        B        C        D        E       F      G
               +--------+--------+--------+--------+--------+-----+--------+
         Total |  12128 |  11823 |    305 |     96 |   9906 |  10 | 1212.8 |
       Dungeon |  11117 |  10864 |    253 |     96 |   9112 |   8 | 1389.6 |
        Temple |    207 |    155 |     52 |      0 |    154 |   1 |  207.0 |
       Ossuary |    803 |    803 |      0 |      0 |    640 |   1 |  803.0 |
               +--------+--------+--------+--------+--------+-----+--------+

Top non-repeatable levels by time:
     D:6: 2254 daAuts
     D:1: 1974 daAuts
     D:7: 1709 daAuts
     D:4: 1588 daAuts
     D:3: 1500 daAuts
     D:5: 1031 daAuts
     D:2: 810 daAuts
 Ossuary: 803 daAuts
     D:8: 248 daAuts
  Temple: 207 daAuts
